 Dungeon Crawl Stone Soup version 0.17.0-28-g6e173f8 (webtiles) character file.

2252 fredomojojo the Shield-Bearer (level 9, 0/118 HPs)
             Began as a Minotaur Fighter on Nov 27, 2015.
             Was a Believer of Okawaru.
             Succumbed to a killer bee's poison
             ... on level 7 of the Dungeon.
             The game lasted 01:02:32 (5046 turns).

fredomojojo the Shield-Bearer (Minotaur Fighter)    Turns: 5046, Time: 01:02:32

Health: 0/118      AC: 24    Str: 25    XL:     9   Next: 15%
Magic:  8/8        EV:  2    Int:  5    God:    Okawaru [**....]
Gold:   169        SH: 11    Dex: 12    Spells: 0 memorised, 8 levels left

rFire  . . .     SeeInvis .     d - +1 short sword (drain)
rCold  + . .     Clarity  .     (armour currently unavailable)
rNeg   + + +     SustAt   .     c - +0 shield
rPois  +         Gourm    .     (helmet currently unavailable)
rElec  .         Spirit   .     (cloak currently unavailable)
rCorr  .         Warding  .     (gloves currently unavailable)
rMut   .         NoTele   +     (boots currently unavailable)
MR     .....                    (no amulet)
Stlth  +.........               Q - ring of protection from cold
                                f - +3 ring of dexterity

@: lethally poisoned (0 -> -2), tree-form, not resistant to hostile
enchantments, very unstealthy
A: (retaliatory headbutt), (horns 0)
a: Heroism, Renounce Religion


You were on level 7 of the Dungeon.
You worshipped Okawaru.
Okawaru was pleased with you.
You were not hungry.
You were a tree.
You visited 2 branches of the dungeon, and saw 8 of its levels.

You collected 169 gold pieces.

Inventory:

Hand Weapons
 a - a +0 flail
 d - a +1 short sword of draining (weapon)
 j - a +0 short sword of protection
 s - a +2 short sword of speed
 B - a +1 whip of flaming
 L - a +1 short sword of distortion
 M - a +0 trident of protection
Missiles
 b - 5 javelins (quivered)
 q - 62 stones
 P - 2 tomahawks
Armour
 c - a +0 shield (worn)
 k - a +0 cloak (melded)
 t - a +0 pair of gloves (melded)
 A - the +3 scale mail of Sif Muna's Esteem (melded) {rPois rCorr Str-3 SInv}
   (You found it on level 5 of the Dungeon)

   It affects your strength (-3).
   It protects you from poison.
   It lets you see invisible.
   It protects you from acid and corrosion.
 F - a +0 plate armour
Jewellery
 f - a +3 ring of dexterity (left branch)
 m - an uncursed ring of flight
 Q - a ring of protection from cold (right branch)
 R - an uncursed ring of magical power
Wands
 o - a wand of digging (15)
Scrolls
 g - a scroll of enchant armour {unknown}
 i - 2 scrolls of fear
 n - 2 scrolls of teleportation
 r - a scroll of noise {unknown}
 x - a scroll of immolation {unknown}
 y - a scroll of random uselessness {unknown}
 D - a scroll of remove curse
 H - a scroll of fog {unknown}
 K - a scroll of summoning {unknown}
Potions
 h - a potion of cure mutation
 l - 2 potions of haste {unknown}
 v - a potion of cancellation {unknown}
 C - a potion of heal wounds {unknown}
 J - a potion of degeneration {unknown}
 N - a potion of brilliance {unknown}
Comestibles
 e - 4 bread rations
 w - 3 meat rations
 z - 2 fruits
 G - a royal jelly
 T - a beef jerky


   Skills:
 + Level 7.3 Fighting
 * Level 7.4 Short Blades
 - Level 3.1 Maces & Flails
 + Level 3.2 Throwing
 + Level 7.0 Armour
 - Level 0.7 Dodging
 + Level 7.5 Shields


You had 8 spell levels left.
You didn't know any spells.

Dungeon Overview and Level Annotations

Branches:
Dungeon (7/15)             Temple (1/1) D:4

Altars:
Ashenzari
Cheibriados
Dithmenos
Elyvilon
Fedhas
Gozag
Kikubaaqudgha
Makhleb
Nemelex Xobeh
Okawaru
Qazlal
Ru
Sif Muna
Trog
Vehumet
Xom
Yredelemnul
Zin
The Shining One


Innate Abilities, Weirdness & Mutations

((You reflexively headbutt those who attack you in melee.))
((You have a pair of horns on your head.))


Message History

The killer bee is heavily wounded.
You block the killer bee's attack.
The killer bee stings you but does no damage.
You miss the killer bee.
The killer bee is heavily wounded.
The killer bee stings you.
* * * LOW HITPOINT WARNING * * *
You hit the killer bee.
The killer bee is severely wounded.
The killer bee stings you but does no damage. x2
You hit the killer bee but do no damage.
The killer bee is severely wounded.
The killer bee stings you.
* * * LOW HITPOINT WARNING * * *
You are lethally poisoned!
The killer bee poisons you! The killer bee completely misses you.
You hit the killer bee but do no damage.
You drain the killer bee!
The killer bee is almost dead.
You die...

##........#
#.............#
#........##
#............##
#..##...<..#
###..........#
#..# ##.##..##
###......###
..# #####..#
######## .#
##.## #..#
##y## #.♣# ##.#
#.. ##.# .. #.#
.. #.#


You could see a killer bee.

Vanquished Creatures
  Grinder (D:3)
  Prince Ribbit (D:6)
  An ice beast (D:5)
  A black bear (D:6)
  3 ogres
  A centaur (D:6)
  A big kobold (D:4)
  A giant frog (D:6)
  5 killer bees (D:7)
  4 wights (D:6)
  A crimson imp (D:5)
  3 orc wizards
  A centaur skeleton (D:5)
  2 giant frog skeletons
  Jessica (D:2)
  2 orc priests (D:5)
  An iguana (D:4)
  5 worker ants
  Robin (D:2)
  6 adders
  8 gnolls (D:3)
  2 shadow imps
  4 oozes
  2 adder zombies
  An adder skeleton (D:5)
  3 worms
  A giant gecko (D:2)
  19 orcs
  10 bats
  6 giant cockroaches
  10 hobgoblins
  6 jackals
  7 kobolds
  4 ball pythons
  A giant gecko skeleton (D:4)
  6 giant newts
  20 goblins
  A jackal zombie (D:6)
  3 quokkas
  8 rats
164 creatures vanquished.

Vanquished Creatures (others)
  A giant frog (D:6)
1 creature vanquished.

Grand Total: 165 creatures vanquished

Notes
Turn   | Place    | Note
--------------------------------------------------------------
     0 | D:1      | fredomojojo the Minotaur Fighter began the quest for the Orb.
     0 | D:1      | Reached XP level 1. HP: 19/19 MP: 0/0
    35 | D:1      | Reached XP level 2. HP: 27/27 MP: 1/1
    82 | D:2      | Reached skill level 4 in Armour
   230 | D:1      | Reached XP level 3. HP: 23/33 MP: 2/2
   577 | D:2      | Noticed Jessica
   587 | D:2      | Killed Jessica
   587 | D:2      | Reached XP level 4. HP: 40/40 MP: 3/3
   699 | D:2      | Found a faded altar to an unknown god.
   703 | D:2      | Noticed Robin
   720 | D:2      | Reached skill level 1 in Short Blades
   736 | D:2      | Killed Robin
   770 | D:2      | Found a sacrificial altar of Ru.
   771 | D:2      | Found a blossoming altar of Fedhas.
   772 | D:2      | Found a radiant altar of Vehumet.
  1131 | D:2      | Reached XP level 5. HP: 40/47 MP: 4/4
  1252 | D:3      | Reached skill level 5 in Shields
  1563 | D:3      | Reached skill level 5 in Fighting
  1575 | D:3      | Found a snail-covered altar of Cheibriados.
  1626 | D:3      | Found a shattered altar of Ashenzari.
  1781 | D:3      | Noticed Grinder
  1795 | D:3      | Killed Grinder
  1795 | D:3      | Reached XP level 6. HP: 56/56 MP: 5/5
  1886 | D:4      | Reached skill level 5 in Armour
  1894 | D:5      | Entered Level 5 of the Dungeon
  1897 | D:5      | Got a turquoise-encrusted scale mail
  1908 | D:5      | Identified the +3 scale mail of Sif Muna's Esteem {rPois rCorr Str-3 SInv} (You found it on level 5 of the Dungeon)
  1932 | D:4      | Reached XP level 7. HP: 53/61 MP: 6/6
  2285 | D:4      | Noticed an angel
  2409 | D:4      | Found a staircase to the Ecumenical Temple.
  2418 | Temple   | Entered the Ecumenical Temple
  2472 | Temple   | Became a worshipper of Warmaster Okawaru
  2510 | D:4      | Noticed a rust devil
  2637 | D:4      | Noticed an ogre
  2649 | D:4      | Killed an ogre
  2649 | D:4      | Reached skill level 5 in Short Blades
  2649 | D:4      | Reached skill level 6 in Shields
  2955 | D:5      | Found a glowing golden altar of the Shining One.
  3196 | D:5      | Reached skill level 1 in Throwing
  3258 | D:5      | Reached XP level 8. HP: 53/70 MP: 7/7
  3335 | D:5      | Reached * piety under Okawaru
  3959 | D:6      | Noticed Prince Ribbit
  4009 | D:6      | Killed Prince Ribbit
  4009 | D:6      | Reached skill level 7 in Shields
  4469 | D:6      | Reached XP level 9. HP: 71/79 MP: 8/8
  4539 | D:6      | Found an opulent altar of Gozag.
  4741 | D:7      | Found a burning altar of Makhleb.
  5027 | D:7      | HP: 2/79 [killer bee (4)]
  5037 | D:7      | Reached ** piety under Okawaru
  5043 | D:7      | HP: 3/118 [killer bee (5)]
  5045 | D:7      | HP: 1/118 [killer bee (2)]
  5046 | D:7      | Succumbed to a killer bee's poison

Action                   |  1- 3 |  4- 6 |  7- 9 || total
-------------------------+-------+-------+-------++-------
Melee: Flail             |    32 |       |       ||    32
       Short sword       |    47 |   229 |   374 ||   650
       Whip              |       |       |    17 ||    17
Throw: Stone             |       |     8 |     3 ||    11
       Javelin           |       |       |    21 ||    21
  Use: Potion            |       |     1 |     6 ||     7
       Scroll            |       |       |     6 ||     6
  Eat: Chunk             |       |     4 |     3 ||     7
       Pizza             |       |       |     2 ||     2
       Bread ration      |       |       |     1 ||     1
